 Dungeon Crawl Stone Soup version 0.26-a0-651-gb41185065b (webtiles) character file.

Game seed: 9353756478401622204

119 loralnil the Shield-Bearer (level 4, -9/45 HPs)
             Began as a Troll Fighter on Oct 23, 2020.
             Mangled by a gnoll
             ... wielding a +0 halberd
              (16 damage)
             ... on level 3 of the Dungeon.
             The game lasted 00:02:41 (1463 turns).

loralnil the Shield-Bearer (Troll Fighter)          Turns: 1463, Time: 00:02:42

Health: -9/45      AC:  6    Str: 25    XL:     4   Next: 73%
Magic:  3/3        EV:  8    Int:  4    God:
Gold:   71         SH:  9    Dex:  9    Spells: 3/3 levels left

rFire    . . .     SeeInvis .     - Unarmed
rCold    . . .     Faith    .   b - +0 kite shield
rNeg     . . .     Spirit   .   a - +0 robe
rPois    .         Reflect  .   (helmet restricted)
rElec    .         Harm     .   (no cloak)
rCorr    +         Rampage  .   (gloves unavailable)
MR       .....                  (boots unavailable)
Stlth    +.........             (no amulet)
HPRegen  0.55/turn              n - ring of resist corrosion
MPRegen  0.08/turn              (no ring)

@: no status effects
A: large, unfitting armour, claws 3, regeneration 1, shaggy fur 1, tough skin 3
a: no special abilities


You were on level 3 of the Dungeon.
You visited 1 branch of the dungeon, and saw 3 of its levels.

You collected 71 gold pieces.

Inventory:

Armour
 a - a +0 robe (worn)
 b - a +0 kite shield (worn)
Jewellery
 n - a ring of resist corrosion (left claw)
Scrolls
 e - a scroll of blinking {unknown}
 f - a scroll of enchant armour {unknown}
 j - 2 scrolls of teleportation
 m - a scroll of fog {unknown}
Potions
 c - 3 potions of might
 d - a potion of ambrosia
 g - 2 potions of stabbing
 h - a potion of heal wounds
 k - a potion of berserk rage {unknown}
 l - 2 potions of mutation {unknown}


   Skills:
 + Level 3.1 Fighting
 + Level 3.0 Dodging
 + Level 3.1 Shields
 + Level 3.0 Unarmed Combat


You had 3 spell levels left.
You didn't know any spells.
Your spell library was empty.

Dungeon Overview and Level Annotations

Branches:
Dungeon (3/15)

Altars:


Innate Abilities, Weirdness & Mutations

You are too large for most types of armour.
You have claws for hands.
Your natural rate of healing is unusually fast.
You are covered in fur. (AC +1)
You have extremely tough skin. (AC +3)


Message History

Your shield prevents you from hitting the rat.
The gnoll hits you from afar with a +0 halberd.
* * * LOW HITPOINT WARNING * * *
The rat barely misses you.
You scratch the rat.
You kill the rat!
You block the gnoll's attack.
You closely miss the gnoll. You block the gnoll's attack.
Your shield prevents you from hitting the gnoll.
The gnoll barely misses you. The gnoll hits you but does no damage.
You claw the gnoll!
The gnoll is heavily wounded.
The gnoll hits you from afar with a +0 halberd.
* * * LOW HITPOINT WARNING * * *
You block the gnoll's attack.
You claw the gnoll!
You kill the gnoll!
The gnoll barely misses you. The gnoll hits you with a +0 halberd!
You die...

........##......†...####
##......#...........#
###...##..........##
###.#...........#
####........##
.###......# ...###...##
.....###.# .......#@#
.......g.# ........##
........# .......##
....... ......# ......
##...#


You could see a gnoll.

Vanquished Creatures
  2 gnolls (D:3)
  4 adders
  A worm (D:2)
  4 dart slugs
  An orc (D:3)
  A ball python (D:3)
  10 bats
  4 giant cockroaches (D:2)
  4 goblins (D:2)
  5 hobgoblins
  3 jackals (D:2)
  A quokka (D:3)
  3 frilled lizards
  2 kobolds (D:2)
  9 rats
54 creatures vanquished.

Notes
Turn   | Place    | Note
-------+----------+-------------------------------------------
     0 | D:1      | loralnil the Troll Fighter began the quest for the Orb.
     0 | D:1      | Reached XP level 1. HP: 22/22 MP: 0/0
   296 | D:1      | Reached XP level 2. HP: 29/29 MP: 1/1
   537 | D:2      | Reached XP level 3. HP: 36/36 MP: 2/2
   827 | D:2      | Reached XP level 4. HP: 44/44 MP: 3/3
  1463 | D:3      | Mangled by a gnoll

Illustrated notes

Levels and vault maps discovered:
D:1:      minmay_arrival_semitransparent, layout_rooms, roderic_roman_lattice
D:2:      layout_loops_corners
D:3:      minmay_skewed_foursquare, layout_rooms, portal_sewer_entry_e,
          nemelex_diamond_rough_becter

Skill      XL: |  1  2  3  4 |
---------------+-------------+-----
Shields        | 3 |  3.1
Fighting       | 3 |  3.1
Dodging        | 3 |  3.0
Unarmed Combat | 3 |  3.0

Action                   |  1- 3 |  4- 6 || total
-------------------------+-------+-------++-------
Melee: Unarmed           |    95 |    48 ||   143
  Use: Scroll            |     5 |     2 ||     7
 Stab: Sleeping          |     2 |       ||     2
Armor: Robe              |    28 |     9 ||    37
Dodge: Dodged            |    30 |    19 ||    49
Block: Kite shield       |    42 |    18 ||    60

Table legend: (Time is in decaauts)
 A = Elapsed time spent in this place.
 B = Non-inter-level travel time spent in this place.
 C = Inter-level travel time spent in this place.
 D = Time resting spent in this place.
 E = Time spent auto-exploring this place.
 F = Levels seen in this place.
 G = Mean time per level.
                   A        B        C        D        E       F      G
               +--------+--------+--------+--------+--------+-----+--------+
         Total |   1466 |   1398 |     68 |      0 |   1069 |   3 |  488.7 |
       Dungeon |   1466 |   1398 |     68 |      0 |   1069 |   3 |  488.7 |
               +--------+--------+--------+--------+--------+-----+--------+

Top non-repeatable levels by time:
     D:2: 931 daAuts
     D:1: 395 daAuts
     D:3: 139 daAuts
